 Dungeon Crawl Stone Soup version 0.17.2-1-ge4368a0 (webtiles) character file.

430 Goblin1989 the Cutter (level 6, 0/30 HPs)
             Began as a Spriggan Gladiator on Jan 4, 2017.
             Was an Initiate of Dithmenos.
             Slain by an ogre
             ... wielding a +0 giant spiked club
              (24 damage)
             ... on level 4 of the Dungeon.
             The game lasted 00:15:26 (4262 turns).

Goblin1989 the Cutter (Spriggan Gladiator)          Turns: 4262, Time: 00:15:26

Health: 0/30       AC:  2    Str: 11    XL:     6   Next: 66%
Magic:  7/7        EV: 20    Int:  9    God:    Dithmenos [......]
Gold:   105        SH:  0    Dex: 19    Spells: 0 memorised, 5 levels left

rFire  . . .     SeeInvis +     a - +0 rapier
rCold  . . .     Clarity  .     b - +0 robe
rNeg   + + .     SustAt   .     (shield restricted)
rPois  .         Gourm    .     c - +0 hat
rElec  .         Spirit   .     (no cloak)
rCorr  .         Warding  .     (gloves unavailable)
rMut   .         Stasis   .     (boots unavailable)
MR     +....                    (no amulet)
Stlth  ++++......               k - ring of positive energy
                                i - ring of positive energy

@: very quick, somewhat resistant to hostile enchantments, stealthy
A: unfitting armour, see invisible, herbivore 3, speed 3, slow metabolism 2
a: Renounce Religion


You were on level 4 of the Dungeon.
You worshipped Dithmenos.
Dithmenos was noncommittal.
You were hungry.

You visited 1 branch of the dungeon, and saw 4 of its levels.

You collected 105 gold pieces.

Inventory:

Hand Weapons
 a - a +0 rapier (weapon)
Missiles
 Z - a throwing net (quivered) {=f, !d}
Armour
 b - a +0 robe (worn)
 c - a +0 hat (worn)
 w - a cursed +0 buckler
Jewellery
 i - a ring of positive energy (left hand)
 k - a ring of positive energy (right hand)
Wands
 p - a wand of frost (17)
Scrolls
 f - a scroll of fog {unknown}
 g - a scroll of recharging {unknown}
 l - a scroll of teleportation {unknown}
 n - a scroll of noise {unknown}
 r - 4 scrolls of identify {unknown}
 s - a scroll of amnesia {unknown}
Potions
 d - 2 potions of curing {@q1}
 j - a potion of haste {unknown}
 m - a potion of magic {unknown}
 o - 2 potions of flight {unknown}
 q - 3 potions of poison {unknown}
 t - a potion of might {unknown}
 v - a potion of lignification {unknown}
 z - a potion of berserk rage {unknown}
Comestibles
 e - 8 bread rations {@e1}
 h - a slice of pizza
 u - 2 fruits


   Skills:
 - Level 1.5 Fighting
 * Level 7.1 Short Blades
 - Level 2.0 Throwing
 - Level 4.4 Dodging
 + Level 5.9 Stealth


You had 5 spell levels left.
You didn't know any spells.

Dungeon Overview and Level Annotations

Branches:
Dungeon (4/15)
 Temple: D:4-7

Altars:
Dithmenos
Okawaru

Annotations:
D:2 exclusion: 2 goblins, Robin
D:3 dscm's ghost, weakling FeTm


Innate Abilities, Weirdness & Mutations

You are tiny and cannot use many weapons and most armour.
You have supernaturally acute eyesight.
You are a herbivore.
You cover ground extremely quickly.
You need consume almost no food.


Message History

You hit the ogre.
The ogre is lightly wounded.
You barely miss the ogre.
The ogre is lightly wounded.
The ogre closely misses you.
You hit the ogre.
The ogre is moderately wounded.
The ogre barely misses you.
You hit the ogre but do no damage.
The ogre is moderately wounded.
You hit the ogre.
The ogre is heavily wounded.
The ogre misses you.
You hit the ogre.
The ogre is heavily wounded.
You puncture the ogre!
The ogre is severely wounded.
The ogre hits you with a giant spiked club!!
Ouch! That really hurt!
You die... ████████ █████

█......█ ████....
█......█ █.....███
███████......█
█........
.....(.†.....█
█%.......
....██.......███O....█
....██.........█@....▲
....███......█.█.....█
....█ █......█.█.....█


█████ █.███∆██..<....█ █.....████████.█ █...... ... █....███ █.█ .... ███ .█
█∆██... You could see an ogre.

Vanquished Creatures
  An ogre (D:4)
  A water moccasin skeleton (D:4)
  Ijyb (D:2)
  Terence (D:2)
  2 worker ants (D:4)
  2 orc wizards (D:3)
  2 gnolls (D:1)
  4 adders
  2 oozes
  2 worms
  3 giant geckos
  8 orcs
  6 bats
  4 giant cockroaches
  7 hobgoblins
  5 jackals
  A quokka (D:2)
  A giant gecko skeleton (D:4)
  7 giant newts
  5 goblins
  9 kobolds
  7 rats
81 creatures vanquished.

Notes
Turn   | Place    | Note
--------------------------------------------------------------
     0 | D:1      | Goblin1989 the Spriggan Gladiator began the quest for the Orb.
     0 | D:1      | Reached XP level 1. HP: 10/10 MP: 2/2
     2 | D:1      | Noticed a vampire
     2 | D:1      | Noticed a formicid
     4 | D:1      | Noticed a minotaur
     6 | D:1      | Noticed a dwarf
     6 | D:1      | Noticed a demonspawn
     8 | D:1      | Noticed a spriggan
     8 | D:1      | Noticed a felid
    10 | D:1      | Noticed a vine stalker
    10 | D:1      | Noticed an ogre
    12 | D:1      | Noticed a gargoyle
    14 | D:1      | Noticed a centaur
    16 | D:1      | Noticed a ghoul
    16 | D:1      | Noticed a naga
    18 | D:1      | Noticed an elf
    18 | D:1      | Noticed a demigod
    20 | D:1      | Noticed a merfolk
    22 | D:1      | Noticed an octopode
    22 | D:1      | Noticed a draconian
    24 | D:1      | Noticed a tengu
    26 | D:1      | Noticed a troll
    26 | D:1      | Noticed a human
   128 | D:1      | Reached skill level 1 in Stealth
   143 | D:1      | Reached XP level 2. HP: 9/14 MP: 3/3
   563 | D:1      | Reached XP level 3. HP: 15/18 MP: 4/4
  1076 | D:2      | Noticed Terence
  1170 | D:2      | Reached XP level 4. HP: 13/22 MP: 5/5
  1441 | D:2      | Reached skill level 5 in Short Blades
  1457 | D:2      | Noticed Ijyb
  1500 | D:2      | Killed Ijyb
  1730 | D:2      | Found an iron altar of Okawaru.
  1844 | D:2      | Noticed Robin
  2426 | D:2      | Killed Terence
  2426 | D:2      | Reached XP level 5. HP: 17/25 MP: 6/6
  3069 | D:3      | Reached skill level 6 in Short Blades
  3115 | D:3      | Noticed dscm's ghost (weakling FeTm)
  3272 | D:4      | Noticed an ogre
  3281 | D:4      | Found a shadowy altar of Dithmenos.
  3283 | D:4      | Noticed an ogre
  3289 | D:4      | Became a worshipper of Dithmenos the Shadowed
  3325 | D:4      | Killed an ogre
  3325 | D:4      | Reached skill level 5 in Stealth
  3325 | D:4      | Reached XP level 6. HP: 30/30 MP: 7/7
  3603 | D:4      | Reached skill level 7 in Short Blades
  4248 | D:4      | Noticed an ogre
  4262 | D:4      | Slain by an ogre

Action                   |  1- 3 |  4- 6 || total
-------------------------+-------+-------++-------
Melee: Rapier            |    91 |   254 ||   345
Throw: Throwing net      |       |     2 ||     2
  Use: Potion            |       |     2 ||     2
 Stab: Sleeping          |     6 |     6 ||    12
       Distracted        |     3 |     3 ||     6
  Eat: Fruit             |       |     1 ||     1

Vault maps used:
D:1:      kb_arrival_jail, grunt_decor_one_mirror
D:2:      kennysheep_okawaru_gauntlet, uniq_terence, uniq_iyjb, uniq_robin
D:3:      first_bread
D:4:      serial_shops, kennysheep_mini_moat, nicolae_dithmenos_shadow_blocks
